 Dungeon Crawl Stone Soup version 0.32-a0-876-gcfddb08e57 (webtiles) character file.

Game seed: 2327319174540524151

74470 jasper the Carver (level 14, -3/129 HPs)
             Began as a Demigod Brigand on Apr 1, 2024.
             Slain by an orc warrior
             ... wielding a +0 trident
              (8 damage)
             ... on level 2 of the Orcish Mines.
             The game lasted 00:39:28 (19627 turns).

jasper the Carver (Demigod Brigand)                Turns: 19627, Time: 00:39:28

Health: -3/129     AC:  4    Str: 12    XL:     14   Next: 65%
Magic:  17/17      EV: 29    Int: 13    God:
Gold:   3151       SH: 25    Dex: 43    Spells: 13/13 levels left

rFire   + . .        O - +2 scimitar (freeze)
rCold   + . .        y - +1 tower shield
rNeg    . . .        M - +0 robe {rC+ rF+}
rPois   .            K - +0 helmet
rElec   .            c - +0 cloak
rCorr   .            (no gloves)
SInv    .            (no boots)
Will    +....        C - amulet of regeneration
Stlth   ++++         f - +6 ring of dexterity
HPRegen 1.21/turn    z - +6 ring of dexterity
MPRegen 0.15/turn

%: no passive effects
@: no status effects
A: high MP 1, forlorn, divine attributes
a: no special abilities


You were on level 2 of the Orcish Mines.
You visited 3 branches of the dungeon, and saw 18 of its levels.

You collected 3250 gold pieces.
You spent 99 gold pieces at shops.

Inventory:

Hand Weapons
 n - a +0 hand axe
 O - a +2 scimitar of freezing (weapon)
 T - a +0 scimitar of flaming
Missiles
 e - 13 curare-tipped darts
 q - 26 boomerangs
 E - 17 poisoned darts (quivered)
 J - 5 throwing nets
Armour
 c - a +0 cloak (worn)
 h - a scarf of resistance
 y - a +1 tower shield (worn)
 F - a +0 kite shield
 K - a +0 helmet (worn)
 M - a +0 robe of resistance (worn)
Jewellery
 a - a ring of protection from fire
 b - a ring of protection from fire
 f - a +6 ring of dexterity (left hand)
 g - a ring of willpower
 j - a ring of resist corrosion
 z - a +6 ring of dexterity (right hand)
 A - a ring of flight
 C - an amulet of regeneration (around neck)
 S - an amulet of the acrobat
Wands
 d - a wand of mindburst (6)
 t - a wand of paralysis (4)
 R - a wand of polymorph (10)
 V - a wand of flame (8)
Scrolls
 k - a scroll of identify
 o - a scroll of revelation
 r - 3 scrolls of amnesia
 B - 3 scrolls of fog
 D - a scroll of enchant armour
 I - 5 scrolls of brand weapon
 U - 3 scrolls of teleportation
 W - a scroll of poison
 Y - 3 scrolls of enchant weapon
Potions
 i - 2 potions of mutation
 l - a potion of enlightenment
 m - 2 potions of degeneration
 p - 2 potions of curing
 u - 3 potions of ambrosia
 v - 2 potions of magic
 G - 3 potions of brilliance
 H - 2 potions of attraction
 L - 3 potions of haste
 N - a potion of cancellation
 Q - 2 potions of berserk rage
 X - a potion of lignification


   Skills:
 + Level 13.1 Fighting
 - Level 1.7(9.2) Short Blades
 - Level 13.9(14.0) Long Blades
 - Level 1.7 Throwing
 + Level 12.9 Dodging
 - Level 3.6 Stealth
 + Level 10.4 Shields


You had 13 spell levels left.
You didn't know any spells.
Your spell library contained the following spells:

 Spells                   Type           Power      Damage    Failure   Level
 Necrotise                Necr           0%         1d4       94%         1
 Call Imp                 Summ           0%         N/A       98%         2
 Mercury Vapours          Alch/Air       0%         N/A       98%         2
 Sublimation of Blood     Necr           0%         N/A       98%         2
 Dazzling Flash           Conj/Hex       0%         N/A       100%        3
 Mephitic Cloud           Conj/Alch/Air  0%         N/A       100%        3
 Vampiric Draining        Necr           0%         2d6       100%        3
 Cause Fear               Hex            0%         N/A       100%        4
 Leda's Liquefaction      Alch/Erth      0%         N/A       100%        4
 Martyr's Knell           Necr/Summ      0%         N/A       100%        4
 Petrify                  Alch/Erth      0%         N/A       100%        4
 Curse of Agony           Necr           0%         N/A       100%        5
 Fireball                 Conj/Fire      0%         3d3       100%        5
 Freezing Cloud           Conj/Ice/Air   0%         6-21      100%        5
 Metabolic Englaciation   Hex/Ice        0%         N/A       100%        5
 Starburst                Conj/Fire      0%         6d3       100%        6
 Summon Hydra             Summ           0%         N/A       100%        7
 Maxwell's Capacitive Co  Air            0%         ∞         100%        8
 Dragon's Call            Summ           0%         N/A       100%        9


Dungeon Overview and Level Annotations

Branches:
Dungeon (11/15)            Temple (0/1) D:5            Lair (5/5) D:9
  Swamp (0/4) Lair:3        Snake (0/4) Lair:2        Slime (0/5) Lair:5
    Orc (2/2) D:10            Elf (0/3) Orc:2

Shops:
D:1 *   D:2 !   D:8 [   Orc:1 (

Annotations:
D:6 2 transporters
D:8 2 runed translucent doors


Innate Abilities, Weirdness & Mutations

You have an increased reservoir of magic. (+10% MP)
You shall have no god before yourself.
Your divine heritage dramatically boosts your attributes as you level up.


Message History

You take 15 damage, and have 109/129 hp.
You closely miss the orc priest. The sixfirhy barely misses you.
You block the sixfirhy's attack. You block the orc high priest's attack.
You block the orc warrior's attack.
The orc priest looks satisfied for a moment.
The sixfirhy hits you! The sixfirhy shocks you! The ice devil misses you.
The orc warrior shouts!
You take 21 damage, and have 88/129 hp.
You slice the orc priest!! You freeze the orc priest.
You kill the orc priest!
You block the sixfirhy's attack. The sixfirhy barely misses you.
The sixfirhy hits you. The sixfirhy shocks you!
You block the orc warrior's attack. You block the orc high priest's attack.
The ice devil hits you! The ice devil freezes you. You resist.
You take 23 damage, and have 65/129 hp.
You slice the orc high priest!! You freeze the orc high priest.
The orc high priest is heavily wounded.
You block the orc warrior's attack. x2
The orc high priest completely misses you.
You block the ice devil's attack.
You slash the orc high priest! You freeze the orc high priest.
The orc high priest is severely wounded.
You block the orc warrior's attack. The orc warrior completely misses you.
You block the orc high priest's attack. You block the ice devil's attack.
The orc warrior hits you from afar with a +0 trident!
The orc high priest closely misses you. You block the orc warrior's attack.
You take 11 damage, and have 55/129 hp.
You hit the orc high priest but do no damage.
The orc high priest is severely wounded.
You block the sixfirhy's attack. The sixfirhy hits you!
The sixfirhy shocks you! You block the sixfirhy's attack.
You block the ice devil's attack. You block the orc warrior's attack.
The sixfirhy hits you!
* * * LOW HITPOINT WARNING * * *
The sixfirhy shocks you!
* * * LOW HITPOINT WARNING * * *
The orc high priest hits you with a +0 battleaxe!
* * * LOW HITPOINT WARNING * * *
The orc warrior hits you from afar with a +0 trident!
You die...

### ####### ....##
###.....# .......##
###........ .........##
##..........
..........###.[.........
#.#.#.#.#.#.#[#.#.#.#.#.
........................
.....o4)o.#.#...........
.....o.@34........).....
#.#.#.#)#.#.#.#.#.#.#.#.
.......###...........
........## ##..........
.......### ###........
.....## ###.....# #####
#######


You could see an orc high priest, an ice devil (summoned), a rust devil
(summoned), a sixfirhy (summoned) and 2 orc warriors.

Vanquished Creatures
  Gastronok (Lair:3)
  The ghost of Agan the Black Belt, a journeyman MeSh (Lair:4)
  The ghost of Pedyestre the Fighter, a journeyman DsIE of Vehumet (Orc:1)
  A dire elephant (Lair:5)
  8 hydras
  3 catoblepae
  An alligator (Lair:5)
  2 two-headed ogres
  A centaur warrior (D:8)
  2 boulder beetles
  Erica (D:9)
  9 death yaks (Lair:5)
  A tengu warrior (D:8)
  6 orc high priests (Orc:2)
  Nergalle (D:11)
  4 skysharks
  A fire crab (D:9)
  9 orc knights
  A lindwurm (Lair:4)
  An orc sorcerer (Orc:2)
  An ugly thing (D:11)
  2 cyclopes (D:11)
  A salamander (Lair:2)
  An elephant (Lair:5)
  9 black mambas
  2 gargoyles
  2 kobold blastminers (Orc:1)
  16 cane toads
  3 rime drakes
  6 komodo dragons
  A queen bee (D:10)
  5 polar bears (Lair:5)
  A queen bee (shapeshifter) (D:7)
  2 trolls (Orc:2)
  Grinder (D:5)
  A tyrant leech (Lair:3)
  7 hornets
  12 blink frogs
  A vampire (D:8)
  13 spriggans (Lair:5)
  A wraith (D:9)
  3 wyverns
  2 shadows
  3 basilisks
  4 wargs
  27 yaks
  3 vampire mosquitoes (D:7)
  A swamp worm (Lair:3)
  9 water moccasins
  An acid dragon (D:11)
  4 black bears
  36 orc warriors
  3 ice beasts
  3 sky beasts
  5 ogres
  28 wolves
  4 boggarts (Lair:5)
  3 centaurs
  A phantom (D:4)
  16 bullfrogs
  3 kobold brigands
  2 gnoll sergeants
  2 scorpions (D:5)
  29 wights
  29 killer bees
  3 electric eels
  2 bombardier beetles
  3 lava snakes (Lair:2)
  4 hounds
  15 jellies
  42 orc priests
  Jessica (D:2)
  5 iguanas
  A gnoll bouda (D:7)
  22 orc wizards
  2 sleepcaps (D:6)
  Natasha (thrice) (D:3)
  4 hell rats (Lair:2)
  19 gnolls
  9 adders
  5 river rats (Lair:2)
  2 shadow imps
  A white imp (D:5)
  2 ufetubi (D:6)
  5 dart slugs
  101 orcs
  11 bats
  14 endoplasms
  A giant cockroach (D:1)
  12 hobgoblins
  12 jackals
  A quokka (D:4)
  7 ball pythons
  4 frilled lizards
  5 goblins
  14 kobolds
  11 rats
707 creatures vanquished.

Notes
Turn   | Place    | Note
-------+----------+-------------------------------------------
     0 | D:1      | jasper the Demigod Brigand began the quest for the Orb.
     0 | D:1      | Reached XP level 1. HP: 17/17 MP: 3/3
    69 | D:1      | Reached skill level 1 in Dodging
   325 | D:1      | Reached XP level 2. HP: 24/24 MP: 4/4
   801 | D:1      | Found Giecwit's General Store.
   809 | D:1      | Bought a potion of curing for 39 gold pieces
   990 | D:2      | Noticed Jessica
   995 | D:2      | Killed Jessica
   996 | D:2      | Reached XP level 3. HP: 17/30 MP: 5/5
  1400 | D:2      | Reached XP level 4. HP: 38/38 MP: 6/6
  1402 | D:2      | Found Mytio's Distillery.
  1408 | D:2      | Bought a potion of heal wounds for 60 gold pieces
  2195 | D:3      | Noticed Natasha
  2212 | D:3      | Killed Natasha
  2277 | D:3      | Noticed Natasha
  2282 | D:3      | Killed Natasha
  2283 | D:3      | Reached XP level 5. HP: 33/46 MP: 7/7
  2365 | D:3      | Noticed a centaur
  2384 | D:3      | Killed a centaur
  2414 | D:3      | Noticed Natasha
  2424 | D:3      | Killed Natasha
  2425 | D:3      | Reached XP level 6. HP: 29/53 MP: 8/8
  3109 | D:4      | Reached skill level 5 in Fighting
  3814 | D:5      | Entered Level 5 of the Dungeon
  3829 | D:5      | Reached skill level 5 in Dodging
  3885 | D:5      | Reached XP level 7. HP: 61/61 MP: 9/9
  4253 | D:5      | Noticed Grinder
  4257 | D:5      | Paralysed by Grinder for 5 turns
  4270 | D:5      | Killed Grinder
  4515 | D:5      | Reached XP level 8. HP: 71/71 MP: 10/10
  4879 | D:5      | Found a staircase to the Ecumenical Temple.
  5148 | D:6      | Found a transporter.
  5235 | D:6      | Found a transporter.
  5255 | D:6      | Noticed a kobold demonologist
  5825 | D:7      | Noticed a two-headed ogre
  5954 | D:7      | Reached skill level 1 in Shields
  6101 | D:7      | Reached XP level 9. HP: 81/81 MP: 11/11
  6541 | D:7      | Reached skill level 1 in Long Blades
  6572 | D:7      | Killed a two-headed ogre
  7050 | D:8      | Noticed an entropy weaver
  7050 | D:8      | Found Ysiusye's Armour Emporium.
  7060 | D:7      | an entropy weaver changed into a queen bee
  7231 | D:7      | Reached skill level 5 in Long Blades
  7231 | D:7      | Reached XP level 10. HP: 79/90 MP: 13/13
  7482 | D:8      | Found a large runed translucent door.
  7482 | D:8      | Found a large runed translucent door.
  7515 | D:8      | Noticed a tengu warrior
  7522 | D:8      | Found a large runed translucent door.
  7522 | D:8      | Found a large runed translucent door.
  7855 | D:8      | Noticed a centaur warrior
  7866 | D:8      | Killed a centaur warrior
  8055 | D:8      | Killed a tengu warrior
  8083 | D:8      | Identified the +0 long sword "Xuif" {spect, rElec rPois
                  | Dex+3}
  8573 | D:9      | Reached skill level 10 in Long Blades
  8573 | D:9      | Reached XP level 11. HP: 95/95 MP: 14/14
  8608 | D:9      | Noticed a fire crab
  8620 | D:9      | Killed a fire crab
  8624 | D:9      | Found a staircase to the Lair.
  9085 | D:9      | Noticed Erica
  9094 | D:9      | Killed Erica
  9218 | D:10     | Entered Level 10 of the Dungeon
 10273 | D:10     | Found a staircase to the Orcish Mines.
 10558 | D:11     | Noticed a two-headed ogre
 10569 | D:11     | Killed a two-headed ogre
 10735 | D:11     | Noticed Nergalle
 10745 | D:11     | Killed Nergalle
 11663 | Lair:1   | Entered Level 1 of the Lair of Beasts
 11980 | Lair:1   | Reached XP level 12. HP: 103/103 MP: 15/15
 12043 | Lair:1   | You fall into a shaft and drop 1 floor!
 12664 | Lair:2   | Noticed a seven-headed hydra
 12674 | Lair:2   | Killed a three-headed hydra
 12853 | Lair:2   | Noticed a four-headed hydra
 12862 | Lair:2   | Killed a one-headed hydra
 12869 | Lair:2   | Identified the ring of Boopor {rF+ Will+ Str+9 Slay-3}
 13076 | Lair:2   | Found a staircase to the Snake Pit.
 13101 | Lair:2   | Reached skill level 5 in Shields
 13765 | Lair:3   | Noticed a boulder beetle
 13791 | Lair:3   | Killed a boulder beetle
 13829 | Lair:3   | Identified a scroll of acquirement
 13829 | Lair:3   | Acquired 1318 gold pieces
 13901 | Lair:3   | Noticed Gastronok
 13918 | Lair:3   | Killed Gastronok
 13919 | Lair:3   | Reached skill level 10 in Fighting
 13959 | Lair:3   | Noticed a four-headed hydra
 13964 | Lair:3   | Noticed a catoblepas
 13968 | Lair:3   | Killed a one-headed hydra
 13983 | Lair:3   | Killed a catoblepas
 14231 | Lair:3   | Found a staircase to the Swamp.
 14363 | Lair:3   | Reached skill level 10 in Dodging
 14738 | Lair:4   | Found a runed translucent door.
 14738 | Lair:4   | Noticed Agan's ghost (journeyman MeSh)
 14815 | Lair:4   | Reached XP level 13. HP: 114/114 MP: 16/16
 15158 | Lair:4   | Killed Agan's ghost
 15183 | Lair:5   | Entered Level 5 of the Lair of Beasts
 15388 | Lair:5   | Noticed a dire elephant
 15463 | Lair:5   | Killed a dire elephant
 15902 | Lair:5   | Found a staircase to the Slime Pits.
 16665 | Lair:5   | Reached XP level 14. HP: 100/126 MP: 17/17
 17428 | Orc:1    | Entered Level 1 of the Orcish Mines
 17662 | Orc:1    | Noticed Pedyestre's ghost (journeyman DsIE)
 17665 | Orc:1    | Found a runed translucent door.
 17721 | Orc:1    | Found Mifynilon's Weapon Shop.
 18221 | Orc:1    | Killed Pedyestre's ghost
 18278 | Orc:2    | Entered Level 2 of the Orcish Mines
 18489 | Orc:2    | Reached skill level 10 in Shields
 18559 | Orc:2    | Paralysed by an orc sorcerer for 4 turns
 18854 | Orc:2    | Found a staircase to the Elven Halls.
 19065 | Orc:2    | HP: 2/127 [orc priest/divine providence (17)]
 19627 | Orc:2    | HP: 5/129 [orc high priest/+0 battleaxe (13)]
 19627 | Orc:2    | Slain by an orc warrior

Illustrated notes

Levels and vault maps discovered:
D:1:      tekkud_arrival_beachfront_property, layout_basic, serial_shops, shop
D:2:      layout_basic, serial_shops, nicolae_shop_industrial_runoff,
          uniq_jessica
D:3:      minmay_recursive_quarters, layout_basic, grunt_qazlal_sundering,
          uniq_natasha
D:4:      layout_rooms, hellmonk_overflow_destroyed_library
D:5:      layout_cave_pools, mainiacjoe_overflow_alcove_4,
          minmay_temple_entry_statues_pillars, minmay_increasing_density,
          uniq_grinder
D:6:      gammafunk_wand_slinger, layout_cave_pools, grunt_temple_overflow_open
D:7:      layout_basic
D:8:      layout_cave_pools, serial_shops, nicolae_shop_advertising_works
          [nicolae_subvault_shop_adworks], serial_bayou_pond_b,
          minmay_hollow_rounded_squares
D:9:      cheibrodos_helix_gallery, layout_stronghold, minmay_lair_entry_lava,
          minmay_holes, kb_lookout_dungeons_type, uniq_erica
D:10:     layout_loops_corners, kennysheep_little_box, david_orc_4, minivault_7
D:11:     layout_layer_cave, uniq_nergalle
Lair:1:   layout_cave_pods, serial_bayou_shore_b
Lair:2:   layout_regular_city, nicolae_snake_entry_warm_welcome,
          kennysheep_abandoned_house, serial_bayou_shore_a
Lair:3:   layout_hall_layers, minmay_swamp_entry_worms, uniq_gastronok
Lair:4:   layout_big_grid, gammafunk_ghost_grave, st_stairs_5
Lair:5:   minmay_lair_end_enchanted_forest, layout_cave_pods,
          minmay_slime_entry_jelly_boxes, enter_volcano_1,
          minmay_shattered_shrine
Orc:1:    layout_caves, hellmonk_ghost_happy_afterlife, serial_shops,
          nicolae_shop_tiny_glass, mines5_lemuel
Orc:2:    st_orc_pillars, layout_diamond_mine, minmay_orc_temple_b

Skill      XL: |  1  2  3  4  5  6  7  8  9 10 11 12 13 14 |
---------------+-------------------------------------------+-----
Dodging        | 1 2 3 4 5 6 7 8 10 11 12 | 12.9
Fighting       | 2 3 4 5 6 8 10 12 13 | 13.1
Shields        | 1 3 6 9 10 | 10.4
Long Blades    | 5 10 13 | 13.9
Short Blades   | |  1.7
Throwing       | |  1.7
Stealth        | |  3.6

Action                     |  1- 3 |  4- 6 |  7- 9 | 10-12 | 13-15 || total
---------------------------+-------+-------+-------+-------+-------++-------
  Melee: Dagger            |    98 |   221 |   413 |       |       ||   732
         Falchion          |       |       |    89 |    41 |       ||   130
         Scimitar          |       |       |       |   590 |   845 ||  1435
         Long sword        |       |       |       |    28 |       ||    28
  Throw: Dart              |       |    36 |    39 |    32 |    41 ||   148
         Throwing net      |       |       |     3 |     1 |       ||     4
         Boomerang         |       |       |     1 |       |       ||     1
  Evoke: Wand              |       |       |       |     1 |     8 ||     9
    Use: Scroll            |     4 |     9 |     8 |     9 |     8 ||    38
         Potion            |       |       |     3 |     3 |     4 ||    10
   Stab: Sleeping          |     8 |     1 |     7 |    16 |     4 ||    36
         Distracted        |       |     2 |       |     4 |     1 ||     7
         Held in net/web   |       |       |     7 |       |       ||     7
         Invisible         |       |       |     5 |       |       ||     5
         Petrified         |       |       |       |       |     4 ||     4
 Armour: Leather armour    |    42 |    89 |   207 |   150 |       ||   488
         Robe              |     4 |       |       |    50 |   191 ||   245
  Dodge: Dodged            |    56 |   141 |   454 |   384 |   355 ||  1390
  Block: Kite shield       |       |       |   107 |   544 |   355 ||  1006
         Tower shield      |       |       |       |       |   562 ||   562

Table legend: (Time is in decaauts)
 A = Elapsed time spent in this place.
 B = Non-inter-level travel time spent in this place.
 C = Inter-level travel time spent in this place.
 D = Time resting spent in this place.
 E = Time spent auto-exploring this place.
 F = Levels seen in this place.
 G = Mean time per level.
                   A        B        C        D        E       F      G
               +--------+--------+--------+--------+--------+-----+--------+
         Total |  19627 |  18856 |    771 |   1329 |  11575 |  18 | 1090.4 |
       Dungeon |  11748 |  11283 |    465 |    771 |   7077 |  11 | 1068.0 |
          Lair |   5658 |   5396 |    262 |    311 |   3450 |   5 | 1131.6 |
  Orcish Mines |   2220 |   2177 |     43 |    247 |   1048 |   2 | 1110.0 |
               +--------+--------+--------+--------+--------+-----+--------+

Top non-repeatable levels by time:
  Lair:5: 1973 daAuts
     D:7: 1301 daAuts
    D:11: 1244 daAuts
    D:10: 1237 daAuts
   Orc:2: 1236 daAuts
     D:5: 1178 daAuts
     D:9: 1142 daAuts
  Lair:2: 1095 daAuts
     D:8: 1057 daAuts
     D:3: 1050 daAuts
  Lair:1: 991 daAuts
   Orc:1: 984 daAuts
     D:2: 969 daAuts
     D:1: 928 daAuts
  Lair:3: 893 daAuts
